 Dungeon Crawl Stone Soup version 0.28-a0-845-gfc338a8e3c (webtiles) character file.

Game seed: 12443342221325167624

163 bande the Skirmisher (level 5, -3/33 HPs)
             Began as a Gargoyle Fighter on Nov 13, 2021.
             Slain by an iguana (7 damage)
             ... on level 4 of the Dungeon.
             The game lasted 00:04:43 (3894 turns).

bande the Skirmisher (Gargoyle Fighter)             Turns: 3894, Time: 00:04:43

Health: -3/33      AC: 13    Str: 21    XL:     5   Next: 44%
Magic:  5/5        EV:  7    Int:  8    God:
Gold:   142        SH:  4    Dex:  9    Spells: 4/4 levels left

rFire   . . .      SeeInvis .   a - +0 war axe
rCold   . . .      Faith    .   c - +0 buckler
rNeg    + . .      Spirit   .   f - +0 chain mail
rPois   ∞          Reflect  .   (no helmet)
rElec   +          Harm     .   (no cloak)
rCorr   .          Rampage  .   (no gloves)
Will    .....                   (no boots)
Stlth   ..........              (no amulet)
HPRegen 0.11/turn               (no ring)
MPRegen 0.09/turn               (no ring)

@: no status effects
A: sickness immunity, AC +4, negative energy resistance 1, electricity
resistance, torment resistance 1, petrification resistance
a: no special abilities


You were on level 4 of the Dungeon.
You visited 1 branch of the dungeon, and saw 4 of its levels.

You collected 142 gold pieces.

Inventory:

Hand Weapons
 a - a +0 war axe (weapon)
Armour
 c - a +0 buckler (worn)
 f - a +0 chain mail (worn)
Scrolls
 e - a scroll of holy word
 h - a scroll of identify {unknown}
 k - a scroll of amnesia
Potions
 b - a potion of heal wounds {unknown}
 d - 2 potions of might
 g - a potion of resistance {unknown}
 i - a potion of curing {unknown}
 j - a potion of cancellation {unknown}
 l - a potion of lignification {unknown}


   Skills:
 + Level 4.1 Fighting
 + Level 3.6 Axes
 + Level 4.1 Armour
 + Level 3.8 Shields


You had 4 spell levels left.
You didn't know any spells.
Your spell library contained the following spells:

 Spells                   Type           Power      Damage    Failure   Level
 Pain                     Necr           0%         1d4       99%         1


Dungeon Overview and Level Annotations

Branches:
Dungeon (4/15)
 Temple: D:4-7

Altars:
Xom
Zin

Shops:
D:3 *


Innate Abilities, Weirdness & Mutations

You are immune to sickness and miasma.
Your stone body is resilient. (AC +4)
You are immune to poison.
You resist negative energy. (rN+)
You are resistant to electric shocks. (rElec)
You are resistant to unholy torment.
You are immune to petrification.


Message History

You slash the endoplasm!
You kill the endoplasm!
You barely miss the adder. The adder barely misses you.
You closely miss the adder.
The adder is lightly wounded.
The adder barely misses you. The adder bites you but does no damage.
The iguana bites you.
You hit the adder.
The adder is moderately wounded.
You hit the iguana but do no damage. You block the adder's attack.
The iguana bites you but does no damage.
The adder bites you but does no damage.
You slash the adder!
You kill the adder!
You barely miss the iguana. The iguana bites you!
You are too injured to fight recklessly!
You are too injured to fight recklessly!
You are too injured to fight recklessly!
You are too injured to fight recklessly!
You are too injured to fight recklessly!
You are too injured to fight recklessly!
You are too injured to fight recklessly!
You are too injured to fight recklessly!
You are too injured to fight recklessly!
You are too injured to fight recklessly!
You are too injured to fight recklessly!
You are too injured to fight recklessly!
You barely miss the iguana. You block the iguana's attack.
The iguana barely misses you.
You slash the iguana!
The iguana is heavily wounded.
The iguana bites you!
* * * LOW HITPOINT WARNING * * *
You hit the iguana but do no damage.
The iguana is heavily wounded.
The iguana completely misses you.
You barely miss the iguana.
The iguana is heavily wounded.
The iguana bites you!
You die...

.# #. ..##.
.....#####
.........#####.
...#...........
##...$.<# ....
........##....<
####....l......
#...@#......
........###....
####....# ..#
#..... ##
.......
....##... .....
##.. ..... ...


You could see an iguana.

Vanquished Creatures
  An orc priest (D:3)
  2 adders
  3 gnolls
  An adder skeleton (D:4)
  3 orcs (D:3)
  9 ball pythons
  3 bats
  10 endoplasms
  5 giant cockroaches
  5 goblins
  9 hobgoblins
  3 jackals (D:1)
  4 quokkas
  4 frilled lizards
  5 kobolds
  5 rats
72 creatures vanquished.

Notes
Turn   | Place    | Note
-------+----------+-------------------------------------------
     0 | D:1      | bande the Gargoyle Fighter began the quest for the Orb.
     0 | D:1      | Reached XP level 1. HP: 14/14 MP: 1/1
   127 | D:1      | Reached XP level 2. HP: 16/19 MP: 2/2
   423 | D:1      | Reached XP level 3. HP: 23/23 MP: 3/3
  1590 | D:2      | Reached XP level 4. HP: 19/29 MP: 4/4
  1765 | D:2      | Found a faded altar of an unknown god.
  1809 | D:2      | Got Plato's Catalogue of Black Secrets
  1931 | D:2      | Found a shimmering altar of Xom.
  2838 | D:3      | Found a glowing silver altar of Zin.
  2841 | D:3      | Found Zin's Purification Station.
  3217 | D:3      | Reached XP level 5. HP: 17/33 MP: 5/5
  3894 | D:4      | Slain by an iguana

Illustrated notes

Levels and vault maps discovered:
D:1:      wander_arrival_lonely_grave, layout_basic
D:2:      layout_basic, basic_altar, shapermc_ecumenical_altar_rom_forum,
          minmay_statues_item
D:3:      layout_loops_ring, zin_purify, minmay_hedge_maze, amethyst_killhole
D:4:      layout_rooms, led_xom_imps, kennysheep_generic_room_2

Skill      XL: |  1  2  3  4 |
---------------+-------------+-----
Axes           | 2 3 |  3.6
Fighting       | 4 |  4.1
Armour         | 4 |  4.1
Shields        | |  3.8

Action                   |  1- 3 |  4- 6 || total
-------------------------+-------+-------++-------
Melee: War axe           |    83 |   113 ||   196
  Use: Scroll            |     1 |     5 ||     6
Armor: Scale mail        |    27 |       ||    27
       Chain mail        |    28 |    77 ||   105
Dodge: Dodged            |    41 |    40 ||    81
Block: Buckler           |    18 |    27 ||    45

Table legend: (Time is in decaauts)
 A = Elapsed time spent in this place.
 B = Non-inter-level travel time spent in this place.
 C = Inter-level travel time spent in this place.
 D = Time resting spent in this place.
 E = Time spent auto-exploring this place.
 F = Levels seen in this place.
 G = Mean time per level.
                   A        B        C        D        E       F      G
               +--------+--------+--------+--------+--------+-----+--------+
         Total |   3972 |   3947 |     25 |    993 |   2275 |   4 |  993.0 |
       Dungeon |   3972 |   3947 |     25 |    993 |   2275 |   4 |  993.0 |
               +--------+--------+--------+--------+--------+-----+--------+

Top non-repeatable levels by time:
     D:1: 1448 daAuts
     D:2: 1441 daAuts
     D:3: 1055 daAuts
     D:4: 26 daAuts
